 Dungeon Crawl Stone Soup version 0.29.1-15-g9cfb28693d (webtiles) character file.

Game seed: 5066229274234104571

7 pokedragonboy the Grave Robber (level 1, 7/10 HPs)
             Began as a Vampire Necromancer on Mar 10, 2023.
             Quit the game on level 1 of the Dungeon.
             The game lasted 00:02:47 (284 turns).

pokedragonboy the Grave Robber (Vampire Necromancer) Turns: 284, Time: 00:02:47

Health: 7/10       AC:  2    Str:  7    XL:     1   Next: 91%
Magic:  3/3        EV: 12    Int: 17    God:
Gold:   40         SH:  0    Dex: 14    Spells: 3/4 levels left

rFire   . . .      SeeInvis +   c - +0 club
rCold   + + .      Faith    .   (no shield)
rNeg    + + +      Spirit   .   a - +0 robe
rPois   ∞          Reflect  .   (no helmet)
rElec   .          Harm     .   (no cloak)
rCorr   .          Rampage  .   (no gloves)
Will    .....                   (no boots)
Stlth   ++++......              (no amulet)
HPRegen 0.03/turn               (no ring)
MPRegen 0.08/turn               (no ring)

@: bloodless
A: bloodless, fangs 3, see invisible, vampiric 1
a: Revivify


You were on level 1 of the Dungeon.
You visited 1 branch of the dungeon, and saw 1 of its levels.

You collected 40 gold pieces.

Inventory:

Hand Weapons
 c - a +0 club (weapon)
Armour
 a - a +0 robe (worn)
Potions
 b - a potion of magic
 d - a potion of resistance {unknown}


   Skills:
 - Level 2.1 Dodging
 * Level 3.5 Stealth
 + Level 2.1 Spellcasting
 * Level 4.5 Necromancy


You had 3 spell levels left.
You knew the following spells:

 Your Spells              Type           Power      Damage    Failure   Level
a - Necrotise             Necr           68%        1d7       3%          1

Your spell library contained the following spells:

 Spells                   Type           Power      Damage    Failure   Level
 Vampiric Draining        Necr           17%        2d7       9%          3
 Animate Dead             Necr           17%        N/A       28%         4
 Agony                    Necr           17%        N/A       63%         5


Dungeon Overview and Level Annotations

Branches:
Dungeon (1/15)

Altars:


Innate Abilities, Weirdness & Mutations

You do not regenerate when monsters are visible.
You are frail without blood (-20% HP).
You can heal yourself when you bite living creatures.
You are immune to poison.
You have razor-sharp teeth.
You have supernaturally acute eyesight. (SInv)
You are afflicted with vampirism.


Message History

Your ball python skeleton crumbles into dust!
Your kobold skeleton hits the dart slug.
The dart slug bites your kobold skeleton.
Your kobold skeleton hits the dart slug but does no damage.
The dart slug bites your kobold skeleton.
Your kobold skeleton hits the dart slug.
The dart slug barely misses your kobold skeleton.
Your kobold skeleton hits the dart slug.
The dart slug barely misses your kobold skeleton.
Your kobold skeleton completely misses the dart slug.
The dart slug bites your kobold skeleton.
Your kobold skeleton is destroyed!
The dart slug bites you but does no damage.
You see here a purple potion.
You hit the dart slug.
The dart slug is almost dead.
The dart slug bites you but does no damage.
Casting: Necrotise (safe; 3% risk of failure)
Confirm with . or Enter, or press ? or * to list all spells.
Aiming: Necrotise (safe; 3% risk of failure)
Press: ? - help, Shift-Dir - straight line, f/p - dart slug
Aim: a dart slug (almost dead, chance to affect: 87%)
The dart slug writhes in agony.
You kill the dart slug!
You start resting.
Magic restored.
d - a purple potion
Okay, then.
Okay, then.
Okay, then.
Okay, then.
Okay, then.
Okay, then.
Okay, then.
Okay, then.
Unknown command.
Saving game... please wait.
Welcome back, pokedragonboy the Vampire Necromancer.
Press ? for a list of commands and other information.
Are you sure you want to abandon this character and quit the game? (Confirm with "yes".)

########
#######......###
#..............#
#.#####.####.#.#
####.#####.#.##.#.####.
#......................
#.##............#.
#.########...)#@# ##.##
#.#.##†# ....##
#....... .....#
###.##### ####.# #+#
#.# #.# #.# ####.####


There were no monsters in sight!

Vanquished Creatures
  A dart slug (D:1)
  A goblin (D:1)
  A kobold (D:1)
  A quokka (D:1)
  A ball python (D:1)
5 creatures vanquished.

Notes
Turn   | Place    | Note
-------+----------+-------------------------------------------
     0 | D:1      | pokedragonboy the Vampire Necromancer began the quest for
                  | the Orb.
     0 | D:1      | Reached XP level 1. HP: 13/13 MP: 3/3
   284 | D:1      | Quit the game

Illustrated notes

Levels and vault maps discovered:
D:1:      saegor_arrival_simple_e, layout_loops_corners, minmay_tall_x

Action                   || total
-------------------------++-------
Melee: Unarmed           ||     3
       Club              ||     2
 Cast: Necrotise         ||     8
 Abil: Exsanguinate      ||     1
 Stab: Sleeping          ||     1
Armor: Robe              ||     3
Dodge: Dodged            ||     2
